 Seeded DCSS version 0.27-a0-1312-g5cdb2b3542 (webtiles) character file.

Game seed: 8510489338221376439 (custom seed)

27 ClockworkOrrery the Skirmisher (level 3, 0/24 HPs)
             Began as a Gargoyle Fighter on June 20, 2021.
             Frozen to death by an endoplasm (4 damage)
             ... on level 1 of the Dungeon.
             The game lasted 00:01:50 (1331 turns).

ClockworkOrrery the Skirmisher (Gargoyle Fighter)   Turns: 1331, Time: 00:01:50

Health: 0/24       AC: 20    Str: 20    XL:     3   Next: 10%
Magic:  3/3        EV:  0    Int:  8    God:
Gold:   6          SH:  9    Dex:  9    Spells: 2/2 levels left

rFire    . . .     SeeInvis .   a - +0 flail
rCold    . . .     Faith    .   c - +0 kite shield
rNeg     + . .     Spirit   .   i - +0 crystal plate armour
rPois    ∞         Reflect  .   (no helmet)
rElec    +         Harm     .   (no cloak)
rCorr    .         Rampage  .   b - +0 pair of gloves
Will     .....                  (no boots)
Stlth    ..........             (no amulet)
HPRegen  0.08/turn              (no ring)
MPRegen  0.08/turn              (no ring)

@: no status effects
A: sickness immunity, AC +3, negative energy resistance 1, electricity
resistance, torment resistance 1, petrification resistance
a: no special abilities


You were on level 1 of the Dungeon.
You visited 1 branch of the dungeon, and saw 1 of its levels.

You collected 6 gold pieces.

Inventory:

Hand Weapons
 a - a +0 flail (weapon)
Armour
 b - a +0 pair of gloves (worn)
 c - a +0 kite shield (worn)
 i - a +0 crystal plate armour (worn)
Scrolls
 e - a scroll of acquirement {unknown}
 f - a scroll of enchant weapon {unknown}
 g - a scroll of identify {unknown}
 h - a scroll of silence {unknown}
 j - a scroll of amnesia {unknown}
Potions
 d - a potion of might


   Skills:
 * Level 3.8 Fighting
 - Level 2.0 Maces & Flails
 + Level 3.5 Armour
 + Level 0.7 Dodging
 + Level 3.5 Shields


You had 2 spell levels left.
You didn't know any spells.
Your spell library was empty.

Dungeon Overview and Level Annotations

Branches:
Dungeon (1/15)

Altars:


Innate Abilities, Weirdness & Mutations

You are immune to sickness and miasma.
Your stone body is resilient. (AC +3)
You are immune to poison.
You resist negative energy. (rN+)
You are resistant to electric shocks. (rElec)
You are resistant to unholy torment.
You are immune to petrification.


Message History

You block the endoplasm's attack.
Your crystal plate armour prevents you from hitting the kobold.
The kobold is moderately wounded.
The kobold completely misses you. You block the endoplasm's attack.
The kobold hits you but does no damage.
You closely miss the kobold.
The kobold is moderately wounded.
The endoplasm freezes you.
You are frozen.
The kobold hits you but does no damage. The endoplasm freezes you.
You are frozen.
Your shield prevents you from hitting the kobold.
The kobold is moderately wounded.
You block the kobold's attack. You block the endoplasm's attack.
You block the kobold's attack.
You hit the kobold but do no damage.
The kobold is moderately wounded.
The endoplasm freezes you.
You are frozen.
* * * LOW HITPOINT WARNING * * *
You block the kobold's attack.
The endoplasm hits you but does no damage.
Found 6 gold pieces.
Unknown command.
You see here a scroll labelled IZIRRY WAEMAGH.
j - a scroll labelled IZIRRY WAEMAGH You block the kobold's attack.
You closely miss the kobold.
The kobold is moderately wounded.
The kobold hits you but does no damage. The endoplasm freezes you.
You are frozen.
* * * LOW HITPOINT WARNING * * *
The kobold completely misses you.
A ball python comes into view.
You open the door.
A dart slug comes into view.
The endoplasm freezes you.
You are frozen.
You die...

.....#.# #J#....## ##.
#......#$##.#....# #. #
#..#..#.(#.....# ##.
S..#....#.##.#...#.###.#
........r......####...##
#####.K....#### ##.## ##J#####
#.# #J# #.# #. #@# #.# #. #'# #.#
#. .w. #.# .### ..... ####.#
...## ....... ##.##.###
#####...####.........####.)......
...........+.........+........##.
#####...####........>####...#.##.
###..## ##.#..##.


You could see a dart slug, 2 endoplasms, a kobold and a rat.

Vanquished Creatures
  2 bats (D:1)
  An endoplasm (D:1)
  2 hobgoblins (D:1)
  6 jackals (D:1)
  A quokka (D:1)
  2 ball pythons (D:1)
  A frilled lizard (D:1)
  4 kobolds (D:1)
  4 rats (D:1)
23 creatures vanquished.

Notes
Turn   | Place    | Note
-------+----------+-------------------------------------------
     0 | D:1      | ClockworkOrrery the Gargoyle Fighter began the quest for
                  | the Orb.
     0 | D:1      | Reached XP level 1. HP: 14/14 MP: 1/1
   555 | D:1      | Reached XP level 2. HP: 19/19 MP: 2/2
   729 | D:1      | HP: 1/20 [jackal (2)]
  1163 | D:1      | Reached XP level 3. HP: 24/24 MP: 3/3
  1331 | D:1      | Frozen to death by an endoplasm

Illustrated notes

Levels and vault maps discovered:
D:1:      amcnicky_arrival_double_pillar, layout_loops_corners,
          amcnicky_mini_pool_small, minmay_small_reverse_x

Action                   || total
-------------------------++-------
Melee: Flail             ||   118
Armor: Scale mail        ||    18
       Crystal plate arm ||    93
Dodge: Dodged            ||    22
Block: Kite shield       ||    74

Table legend: (Time is in decaauts)
 A = Elapsed time spent in this place.
 B = Non-inter-level travel time spent in this place.
 C = Inter-level travel time spent in this place.
 D = Time resting spent in this place.
 E = Time spent auto-exploring this place.
 F = Levels seen in this place.
 G = Mean time per level.
                   A        B        C        D        E       F      G
               +--------+--------+--------+--------+--------+-----+--------+
         Total |   1394 |   1394 |      0 |    320 |    782 |   1 | 1394.0 |
       Dungeon |   1394 |   1394 |      0 |    320 |    782 |   1 | 1394.0 |
               +--------+--------+--------+--------+--------+-----+--------+

Top non-repeatable levels by time:
     D:1: 1394 daAuts
